 Dungeon Crawl Stone Soup version 0.28.0 (webtiles) character file.

Game seed: 6229068041405809631

312 AmazingTV the Shield-Bearer (level 6, -6/56 HPs)
             Began as a Minotaur Fighter on July 1, 2022.
             Killed by divine providence
             ... invoked by an orc priest
              (16 damage)
             ... on level 4 of the Dungeon.
             The game lasted 00:06:50 (4182 turns).

AmazingTV the Shield-Bearer (Minotaur Fighter)      Turns: 4182, Time: 00:06:51

Health: -6/56      AC:  9    Str: 21    XL:     6   Next: 18%
Magic:  5/5        EV:  9    Int:  5    God:
Gold:   102        SH:  6    Dex: 17    Spells: 5/5 levels left

rFire   . . .      SeeInvis .   a - +0 war axe {axe}
rCold   . . .      Faith    .   c - +0 buckler
rNeg    . . .      Spirit   .   b - +0 scale mail
rPois   .          Reflect  .   (helmet restricted)
rElec   .          Harm     .   (no cloak)
rCorr   .          Rampage  .   p - +0 pair of gloves
Will    .....                   n - +0 pair of boots
Stlth   ..........              (no amulet)
HPRegen 0.18/turn               u - +6 ring of dexterity
MPRegen 0.09/turn               (no ring)

@: lethally poisoned (-6 -> -10)
A: horns 2, retaliatory headbutt
a: no special abilities


You were on level 4 of the Dungeon.
You visited 1 branch of the dungeon, and saw 4 of its levels.

You collected 102 gold pieces.


Innate Abilities, Weirdness & Mutations

You have a pair of horns on your head.
You reflexively headbutt those who attack you in melee.


   Skills:
 + Level 5.2 Fighting
 + Level 4.4 Axes
 + Level 5.1 Armour
 + Level 5.2 Shields


You had 5 spell levels left.
You didn't know any spells.
Your spell library contained the following spells:

 Spells                   Type           Power      Damage    Failure   Level
 Ensorcelled Hibernation  Hex/Ice        0%         N/A       95%         2
 Spider Form              Tmut/Pois      0%         N/A       99%         3
 Stone Arrow              Conj/Erth      0%         3d7       99%         3
 Tukima's Dance           Hex            0%         N/A       99%         3
 Anguish                  Hex/Necr       0%         N/A       100%        4
 Animate Armour           Summ/Erth      0%         N/A       100%        4
 Enfeeble                 Hex            0%         N/A       100%        7
 Lehudib's Crystal Spear  Conj/Erth      0%         10d2      100%        8

Inventory:

Hand Weapons
 a - a +0 war axe (weapon) {axe}
 o - a +1 short sword of draining {short}
   (You took it off an orc on level 3 of the Dungeon)
Missiles
 e - 12 bolts
 g - 116 stones (quivered)
 l - 18 sling bullets
 q - 19 arrows
 s - 3 boomerangs
Armour
 b - a +0 scale mail (worn)
 c - a +0 buckler (worn)
 n - a +0 pair of boots (worn)
   (You found it on level 3 of the Dungeon)
 p - a +0 pair of gloves (worn)
   (You found it on level 3 of the Dungeon)
Jewellery
 u - a +6 ring of dexterity (left hand)
   (You found it on level 4 of the Dungeon)
Scrolls
 d - a scroll of enchant weapon {unknown}
 f - 4 scrolls of identify {unknown}
 i - a scroll of immolation {unknown}
 j - a scroll of vulnerability {unknown}
 k - a scroll of enchant armour {unknown}
 r - a scroll of noise {unknown}
 t - a scroll of teleportation {unknown}
Potions
 h - a potion of curing {unknown}
 m - a potion of mutation {unknown}

Dungeon Overview and Level Annotations

Branches:
Dungeon (4/15)
 Temple: D:4-7

Altars:
Fedhas
Kikubaaqudgha

Shops:
D:1

(
#.#.###.##......###.#.##.#<....
#.......##.......##.#..........
#.##.##.##...............#.....
#.#...#.##..>...###.####...####
#.......#####.......# ..###
#.#.).#.# ######### #.##
#.......# #########.#
####.##########......##.# #.#
#......@...##.##.##### #.#
#.######S#.##.#....... #.###.#
#.#.........## #....>#
#o####.......## #######
#.###.........# #...o........##
#######......##.# ##.........
##.#######


You could see an orc priest and an adder.


Message History

The ufetubus barely misses you. You furiously retaliate!
You headbutt the ufetubus!
You kill the ufetubus!
The ufetubus disappears in a puff of smoke!
Eustachio mumbles some strange words.
Eustachio blinks! 😮 HP[+1]
You barely miss Eustachio.
Eustachio gestures wildly while chanting.
You block Eustachio's attack.
You slash Eustachio!
You kill Eustachio!
The quasit disappears in a puff of smoke!
The shadow imp disappears in a puff of smoke! x2
Your Fighting skill increases to level 5!
Your Axes skill increases to level 4!
Your Armour skill increases to level 5!
Your Shields skill increases to level 5!
You have reached level 6! 😮 HP[+5] MP[+1]
You now have 56 max hp (+9).
You regained 5 hp, and now have 30/56 hp.
Your mp is fully restored (5).
You start resting.
You feel a little less mighty now. 😎 HP[+26]
Your hp is fully restored (56).
Things that are here:
a +0 falchion {long}; a +0 leather armour; the human corpse of Eustachio
g - 116 stones (gained 18)
d - a scroll labelled ZEUTITW ZIEX
Found a stone staircase leading down.
There is a stone staircase leading down here.
t - a scroll labelled WEJAHE ULATIEH
u - a +6 ring of dexterity You feel agile.
u - a +6 ring of dexterity (left hand)
An orc wizard comes into view. It is wielding a +0 dagger.
The orc wizard shouts!
You hear a shout!
You hear an angry hiss.
An orc comes into view. It is wielding a +0 whip.
You closely miss the orc wizard.
The orc wizard hits you but does no damage.
An orc priest comes into view. It is wielding a +0 flail.
The orc wizard hits you but does no damage.
The orc priest shouts!
You slash the orc wizard!
The orc wizard hits you but does no damage.
You slash the orc wizard!
You kill the orc wizard!
The orc priest calls down the wrath of Beogh upon you.
Beogh smites you! 😮 HP[-15]
You take 15 damage, and now have 41/56 hp.
MASSIVE DAMAGE!! (PAUSE) Unknown command.
You are too injured to fight recklessly!
You are too injured to fight recklessly!
You slash the orc!
You kill the orc! 😮 HP[+1]
You closely miss the orc priest.
The orc priest hits you but does no damage.
You closely miss the orc priest. You headbutt the orc priest.
The orc priest invokes the aid of Beogh against you.
Beogh smites you!
You hear an angry hiss. 😮 HP[-12]
You take 12 damage, and now have 30/56 hp.
MASSIVE DAMAGE!! (PAUSE)
You hit the orc priest but do no damage.
The orc priest misses you.
The orc priest hits you but does no damage.
You hit the orc priest. You headbutt the orc priest.
The orc priest mumbles some strange prayers to Beogh against you.
Pain shoots through your body!
* * * LOW HITPOINT WARNING * * *
An adder comes into view. 😨 HP[-7]
You take 7 damage, and now have 23/56 hp.
You closely miss the orc priest.
The orc priest hits you with a +0 flail.
* * * LOW HITPOINT WARNING * * *
😨 HP[-1]
You take 1 damage, and now have 22/56 hp. 😨 HP[+1]
The orc priest invokes the aid of Beogh against you.
Beogh smites you!
* * * LOW HITPOINT WARNING * * *
😱 HP[-11]
You take 11 damage, and now have 12/56 hp. 😱 HP[+1]
The adder bites you.
* * * LOW HITPOINT WARNING * * *
You are poisoned.
The adder poisons you! 😱 HP[-1]
You take 1 damage, and now have 12/56 hp.
You feel sick.
The orc priest mumbles some strange prayers to Beogh against you.
Beogh smites you!
You die...

Skill      XL: |  1  2  3  4  5 |
---------------+----------------+-----
Fighting       | 4 5 |  5.2
Armour         | 4 5 |  5.1
Axes           | 3 4 |  4.4
Shields        | 4 5 |  5.2

Action                   |  1- 3 |  4- 6 || total
-------------------------+-------+-------++-------
Melee: War axe           |   102 |    86 ||   188
       Headbutt          |     8 |    11 ||    19
  Use: Potion            |       |     1 ||     1
Armor: Scale mail        |    43 |    48 ||    91
Dodge: Dodged            |    52 |    37 ||    89
Block: Buckler           |    20 |    14 ||    34

Levels and vault maps discovered:
D:1:      lightli_arrival_isolated_outpost, layout_loops_corners, serial_shops,
          nicolae_lakefront_shop, minivault_4
D:2:      layout_rooms, serial_bayou, serial_bayou_crossing,
          serial_bayou_shore_b, serial_bayou_lagoon_a, serial_bayou_pond_d,
          hellmonk_ecumenical_altar_run_dry, minmay_misc_feat_four_crosses
D:3:      layout_basic, grunt_temple_overflow_growth_and_decay,
          kennysheep_generic_room_15
D:4:      minmay_evil_eye, layout_loops_cross, uniq_eustachio

Notes
Turn   | Place    | Note
-------+----------+-------------------------------------------
     0 | D:1      | AmazingTV the Minotaur Fighter began the quest for the Orb.
     0 | D:1      | Reached XP level 1. HP: 19/19 MP: 0/0
     0 | D:1      | magus.rc [v1.9.6]
   464 | D:1      | You pick up a book of Dreams and begin reading...
   464 | D:1      | You add the spells Ensorcelled Hibernation, Spider Form and
                  | Anguish to your library.
   533 | D:1      | Reached XP level 2. HP: 26/27 MP: 1/1
   538 | D:1      | Found Zireo's Weapon Emporium.
   652 | D:1      | You pick up a book of Armaments and begin reading...
   652 | D:1      | You add the spells Stone Arrow, Animate Armour and
                  | Lehudib's Crystal Spear to your library.
  1146 | D:2      | Reached skill level 4 in Fighting
  1150 | D:2      | Reached skill level 4 in Armour
  1157 | D:1      | Reached skill level 3 in Axes
  1157 | D:1      | Reached skill level 4 in Shields
  1342 | D:2      | Reached XP level 3. HP: 24/33 MP: 2/2
  1665 | D:2      | Found a faded altar of an unknown god.
  1958 | D:3      | You pick up a book of Maledictions and begin reading...
  1958 | D:3      | You add the spells Tukima's Dance and Enfeeble to your
                  | library.
  2426 | D:3      | Found an ancient bone altar of Kikubaaqudgha.
  2427 | D:3      | Found a blossoming altar of Fedhas.
  2699 | D:3      | Reached XP level 4. HP: 40/41 MP: 3/3
  3772 | D:4      | Reached XP level 5. HP: 29/47 MP: 4/4
  3947 | D:4      | Noticed Eustachio
  3969 | D:4      | Killed Eustachio
  3970 | D:4      | Reached skill level 5 in Fighting
  3970 | D:4      | Reached skill level 4 in Axes
  3970 | D:4      | Reached skill level 5 in Armour
  3970 | D:4      | Reached skill level 5 in Shields
  3970 | D:4      | Reached XP level 6. HP: 30/56 MP: 5/5
  4173 | D:4      | HP: 12/56 [orc priest/divine providence (11)]
  4181 | D:4      | HP: 12/56 [adder (2)]
  4182 | D:4      | Killed from afar by an orc priest

Vanquished Creatures
  Eustachio (D:4)
  An orc wizard (D:4)
  3 gnolls (D:4)
  3 adders
  3 worms
  2 dart slugs
  10 orcs
  6 bats
  3 endoplasms
  3 giant cockroaches
  3 goblins
  7 hobgoblins
  3 quokkas
  3 ball pythons
  A frilled lizard (D:3)
  7 kobolds
  6 rats
65 creatures vanquished.

Vanquished Creatures (others)
  5 plants (D:2)
5 creatures vanquished.

Grand Total: 70 creatures vanquished

Table legend:
 A = Non-vault XP
 B = Vault XP
 C = Vault XP percentage of total XP
 D = Non-vault monster count
 E = Vault monster count
 F = Vault count percentage of total count
                 A         B        C        D         E       F
            +---------+---------+-------+---------+---------+-------
      Total |     238 |     209 |  46.8 |      63 |       2 |   3.1
            +---------+---------+-------+---------+---------+-------
        D:1 |      27 |       0 |   0.0 |      14 |       0 |   0.0
        D:2 |      29 |       0 |   0.0 |      15 |       0 |   0.0
        D:3 |      69 |       1 |   1.4 |      20 |       1 |   4.8
        D:4 |     113 |     208 |  64.8 |      14 |       1 |   6.7
            +---------+---------+-------+---------+---------+-------

Illustrated notes

Table legend:
 A = Kills in this place as a percentage of kills in entire the game.
 B = Kills by you in this place as a percentage of kills by you in the entire game.
 C = Kills by friends in this place as a percentage of kills by friends in the entire game.
 D = Other kills in this place as a percentage of other kills in the entire game.
 E = Experience gained in this place as a percentage of experience gained in the entire game.
 F = Experience gained in this place divided by the number of levels of this place that you have seen.
                   A       B       C       D       E      F
               +-------+-------+-------+-------+-------+----------------------
         Total | 100.0 | 100.0 |   N/A |   N/A | 100.0 | 111.8
       Dungeon | 100.0 | 100.0 |   N/A |   N/A | 100.0 | 111.8
               +-------+-------+-------+-------+-------+----------------------

Table legend: (Time is in decaauts)
 A = Elapsed time spent in this place.
 B = Non-inter-level travel time spent in this place.
 C = Inter-level travel time spent in this place.
 D = Time resting spent in this place.
 E = Time spent auto-exploring this place.
 F = Levels seen in this place.
 G = Mean time per level.
                   A        B        C        D        E       F      G
               +--------+--------+--------+--------+--------+-----+--------+
         Total |   4285 |   4177 |    108 |    585 |   3111 |   4 | 1071.2 |
       Dungeon |   4285 |   4177 |    108 |    585 |   3111 |   4 | 1071.2 |
               +--------+--------+--------+--------+--------+-----+--------+

Top non-repeatable levels by time:
     D:3: 1813 daAuts
     D:1: 1347 daAuts
     D:2: 648 daAuts
     D:4: 476 daAuts
